 Dungeon Crawl Stone Soup version 0.31-a0-188-g5e087ee2ca (webtiles) character file.

Game seed: 11095329120729136682

6204 Gorgondantess the Destroyer (level 10, 0/50 HPs)
             Began as a Tengu Air Elementalist on June 24, 2023.
             Was a Believer of Sif Muna.
             Slain by a wolf (9 damage)
             ... led by Grum
             ... on level 8 of the Dungeon.
             The game lasted 00:32:26 (10933 turns).

Gorgondantess the Destroyer (TeAE)                 Turns: 10933, Time: 00:32:26

Health: 0/50       AC: 13    Str:  8    XL:     10   Next: 92%
Magic:  5/18       EV: 12    Int: 21    God:    Sif Muna [**....]
Gold:   431        SH:  0    Dex: 14    Spells: 3/19 levels left

rFire   . . .        p - staff of conjuration
rCold   . . .        (no shield)
rNeg    . . .        R - +0 swamp dragon scales
rPois   +            (helmet restricted)
rElec   .            y - +0 cloak
rCorr   +            q - +0 pair of gloves
SInv    .            (boots unavailable)
Will    .....        (no amulet)
Stlth   +            F - +4 ring of protection
HPRegen 0.28/turn    f - ring of resist corrosion
MPRegen 0.16/turn

%: no passive effects
@: flying quickly and evasively, quick
A: beak, talons 3, nimble flight
a: Renounce Religion, Channel Magic


You were on level 8 of the Dungeon.
You worshipped Sif Muna.
Sif Muna was pleased with you.
You visited 1 branch of the dungeon, and saw 8 of its levels.

You collected 431 gold pieces.

Inventory:

Hand Weapons
 d - a +0 dagger
 k - a +2 dagger of speed
 A - a +0 lajatang of pain
 N - a +5 dire flail of protection
 T - a +3 dagger of distortion
Missiles
 C - 17 poisoned darts
 D - a throwing net
Armour
 a - a +0 robe
 h - a +0 leather armour
 q - a +0 pair of gloves (worn)
 s - the +1 leather armour of Ilep {Dex+2}
   (You found it on level 3 of the Dungeon)

   Dex:       It affects your dexterity (+2).
 t - the +0 robe of Resonance {Int+3}
   (You found it on level 3 of the Dungeon)

   Int:       It affects your intelligence (+3).
 y - a +0 cloak (worn)
 K - +0 steam dragon scales
 Q - a +2 leather armour of poison resistance
 R - +0 swamp dragon scales (worn)
 V - a +2 buckler
Magical Staves
 p - a staff of conjuration (weapon)
 G - a staff of death
 I - a staff of poison
 P - a staff of cold
Jewellery
 f - a ring of resist corrosion (right hand)
 F - a +4 ring of protection (left hand)
Wands
 x - a wand of paralysis (4)
 L - a wand of polymorph (12)
 U - a wand of mindburst (4)
Scrolls
 e - 5 scrolls of identify {unknown}
 i - 2 scrolls of amnesia {unknown}
 l - a scroll of fear {unknown}
 o - 6 scrolls of teleportation {unknown}
 r - a scroll of silence {unknown}
 B - 2 scrolls of enchant armour {unknown}
 E - 2 scrolls of noise {unknown}
 J - a scroll of blinking {unknown}
 M - a scroll of torment {unknown}
 O - a scroll of revelation {unknown}
 S - a scroll of brand weapon {unknown}
Potions
 b - 2 potions of magic
 c - 2 potions of heal wounds
 g - 2 potions of enlightenment
 j - a potion of degeneration {unknown}
 m - a potion of attraction {unknown}
 n - 2 potions of invisibility {unknown}
 u - 4 potions of curing
 v - a potion of mutation {unknown}
 w - 2 potions of cancellation {unknown}
 z - a potion of haste {unknown}
 H - a potion of ambrosia {unknown}


   Skills:
 + Level 2.3 Armour
 - Level 2.1 Dodging
 - Level 2.0 Stealth
 + Level 5.0 Spellcasting
 + Level 11.1 Conjurations
 * Level 7.9 Summonings
 + Level 6.0 Fire Magic
 + Level 10.4 Air Magic
 + Level 3.4 Invocations
 + Level 2.3 Evocations


You had 3 spell levels left.
You knew the following spells:

 Your Spells              Type           Power      Damage    Failure   Level
a - Shock                 Conj/Air       100%       1d9       1%          1
b - Static Discharge      Conj/Air       100%       2-7/arc   1%          2
c - Airstrike             Air            24%        2d(4-20)  4%          4
d - Scorch                Fire           60%        2d8       4%          2
e - Call Canine Familiar  Summ           38%        N/A       3%          3
f - Flame Wave            Conj/Fire      58%        2d14      10%         4

Your spell library contained the following spells:

 Spells                   Type           Power      Damage    Failure   Level
 Summon Small Mammal      Summ           100%       N/A       1%          1
 Swiftness                Air            49%        N/A       1%          3
 Hailstorm                Conj/Ice       43%        3d10      10%         3
 Summon Guardian Golem    Hex/Summ       21%        N/A       19%         3
 Lesser Beckoning         Tloc           10%        N/A       43%         2
 Gell's Gravitas          Tloc           5%         N/A       67%         3
 Teleport Other           Tloc           5%         N/A       67%         3
 Summon Cactus Giant      Summ           19%        N/A       88%         6
 Ice Form                 Ice/Tmut       5%         N/A       97%         4
 Simulacrum               Ice/Necr       2%         N/A       100%        6


Dungeon Overview and Level Annotations

Branches:
Dungeon (8/15)             Temple (0/1) D:6
   Lair: D:8-11

Altars:
Cheibriados
Gozag
Hepliaklqana
Makhleb
Ru
Sif Muna
Uskayaw

Shops:
D:4 (

Annotations:
D:8 Grum


Innate Abilities, Weirdness & Mutations

You have a beak for a mouth.
You have claws for feet.
Your magical nature lets you fly swiftly and evasively.


Message History

Aim: Grum, wielding a +0 spear and wearing a +0 animal skin (empty space bonus: 6/8)
The air twists around and strikes Grum!!
Grum is heavily wounded.
Unknown command.
Casting: Airstrike (dangerous; 4% risk of failure)
Confirm with . or Enter, or press ? or * to list all spells.
Aiming: Airstrike (dangerous; 4% risk of failure)
Press: ? - help, Dir - move target, f/p - Grum
Aim: Grum, wielding a +0 spear and wearing a +0 animal skin (heavily wounded, empty space bonus: 4/8)
The air twists around and strikes Grum.
Grum is heavily wounded.
Grum shouts, "King!
Good boy!"
Casting: Airstrike (dangerous; 4% risk of failure)
Confirm with . or Enter, or press ? or * to list all spells.
Aiming: Airstrike (dangerous; 4% risk of failure)
Press: ? - help, Dir - move target, f/p - Grum
Aim: Grum, wielding a +0 spear and wearing a +0 animal skin (heavily wounded, empty space bonus: 2/8)
The air twists around and strikes Grum!
Grum is almost dead.
Grum completely misses you.
Casting: Airstrike (dangerous; 4% risk of failure)
Confirm with . or Enter, or press ? or * to list all spells.
Okay, then.
The wolf bites you. x2
Grum hits you with a +0 spear!!
Casting: Airstrike (dangerous; 4% risk of failure)
Confirm with . or Enter, or press ? or * to list all spells.
You feel a surge of power!
Grum is struck by an arc of lightning.
Grum is almost dead.
You are struck by an arc of lightning.
The wolf is struck by an arc of lightning!
The wolf is moderately wounded.
You are struck by an arc of lightning.
* * * LOW HITPOINT WARNING * * *
The wolf is struck by an arc of lightning.
The wolf is moderately wounded.
The lightning grounds out.
The wolf bites you.
* * * LOW HITPOINT WARNING * * *
The wolf barely misses you. Grum barely misses you. The wolf bites you!
You die...

##......#######...#...##
####...# #.#####.# ###.#
#...#...# . #.##
######.#.### # ..
#..###........# ...
#..#...#####.##### ♣...
#....# #...... ♣..♣
#....# #..###. ..♣
♣@h..# #..# #. .♣
♣gh#..# #..###. .#
♣..♣#..# #...... .# ...♣
.## ##.###. .# ..... .#
#..... .# .....♣ ##
###### .# ....♣ .# .###
..♣♣ ##.# ...### ##...#


You could see Grum and 2 wolves.

Vanquished Creatures
  Joseph (D:7)
  Psyche (D:8)
  Maggie (D:7)
  Prince Ribbit (D:7)
  Grinder (D:5)
  A vampire (D:6)
  Sigmund (D:2)
  4 yaks
  A wyvern (D:8)
  2 steam dragons
  A water moccasin (D:4)
  An orc warrior (D:8)
  A black bear (D:8)
  A centaur (D:8)
  2 ogres (D:5)
  A wolf (D:8)
  2 phantoms
  Blork the orc (D:5)
  6 scorpions
  3 jellies
  3 hounds
  A gnoll bouda (D:7)
  6 orc priests
  3 sleepcaps
  3 iguanas
  12 orc wizards
  Terence (D:2)
  8 gnolls
  8 adders
  A shadow imp (D:5)
  3 white imps
  A worm (D:3)
  32 orcs
  7 endoplasms
  A giant cockroach (D:2)
  9 goblins
  4 hobgoblins
  3 jackals (D:5)
  4 quokkas
  7 ball pythons
  4 bats
  4 frilled lizards
  5 kobolds
  8 rats
171 creatures vanquished.

Vanquished Creatures (collateral kills)
  Erica (D:8)
  A two-headed ogre (D:8)
  Edmund (D:6)
3 creatures vanquished.

Vanquished Creatures (others)
  2 orc wizards (D:8)
2 creatures vanquished.

Grand Total: 176 creatures vanquished

Notes
Turn   | Place    | Note
-------+----------+-------------------------------------------
     0 | D:1      | Gorgondantess the Tengu Air Elementalist began the quest
                  | for the Orb.
     0 | D:1      | Reached XP level 1. HP: 10/10 MP: 4/4
   299 | D:1      | Reached XP level 2. HP: 15/15 MP: 1/6
   361 | D:1      | Learned a level 2 spell: Static Discharge
   641 | D:1      | Reached skill level 2 in Conjurations
   858 | D:1      | Found a faded altar of an unknown god.
  1133 | D:2      | Reached XP level 3. HP: 19/19 MP: 2/7
  1358 | D:2      | Reached skill level 5 in Air Magic
  1565 | D:2      | Noticed Sigmund
  1629 | D:1      | Reached XP level 4. HP: 4/24 MP: 0/8
  2060 | D:3      | Identified the +0 robe of Resonance {Int+3}
  2067 | D:3      | Identified the +1 leather armour of Ilep {Dex+2}
  2210 | D:3      | Reached skill level 3 in Conjurations
  2279 | D:3      | Learned a level 4 spell: Airstrike
  2500 | D:3      | Found a shimmering blue altar of Sif Muna.
  2506 | D:3      | Gained mutation: Your magical nature lets you fly swiftly
                  | and evasively. [Tengu growth]
  2506 | D:3      | Reached XP level 5. HP: 25/28 MP: 3/10
  2512 | D:3      | Became a worshipper of Sif Muna the Loreminder
  2722 | D:3      | Found a sacrificial altar of Ru.
  2881 | D:4      | Learned a level 2 spell: Scorch
  2930 | D:4      | Noticed a water moccasin
  3005 | D:4      | Found Nynkys's Weapon Boutique.
  3088 | D:4      | Reached skill level 4 in Conjurations
  3431 | D:4      | Reached skill level 1 in Fire Magic
  3431 | D:4      | Reached XP level 6. HP: 28/32 MP: 1/11
  3642 | D:4      | Killed a water moccasin
  3643 | D:4      | Reached skill level 5 in Conjurations
  3743 | D:5      | Entered Level 5 of the Dungeon
  3889 | D:2      | Noticed Terence
  3891 | D:2      | Killed Sigmund
  3892 | D:2      | Reached skill level 6 in Conjurations
  3892 | D:2      | Reached XP level 7. HP: 18/36 MP: 5/12
  3997 | D:2      | Killed Terence
  4109 | D:5      | Learned a level 3 spell: Call Canine Familiar
  4211 | D:5      | Reached skill level 1 in Summonings
  4271 | D:5      | Reached XP level 8. HP: 24/41 MP: 0/13
  4396 | D:5      | Reached skill level 7 in Conjurations
  4893 | D:5      | Reached * piety under Sif Muna
  5071 | D:5      | Noticed Blork the orc
  5082 | D:5      | Killed Blork the orc
  5241 | D:5      | Noticed Grinder
  5243 | D:5      | Paralysed by Grinder for 4 turns
  5369 | D:5      | Paralysed by Grinder for 5 turns
  5378 | D:5      | Killed Grinder
  5754 | D:6      | Reached skill level 8 in Conjurations
  6151 | D:6      | Reached XP level 9. HP: 15/45 MP: 1/15
  6303 | D:6      | Reached skill level 1 in Invocations
  6660 | D:6      | Found a staircase to the Ecumenical Temple.
  6826 | D:6      | Reached skill level 9 in Conjurations
  6876 | D:6      | Reached skill level 5 in Summonings
  7034 | D:6      | Noticed Edmund
  7054 | D:6      | Killed Edmund
  7391 | D:7      | Noticed Prince Ribbit
  7396 | D:7      | Killed Prince Ribbit
  7476 | D:7      | Noticed Joseph
  7495 | D:6      | Learned a level 4 spell: Flame Wave
  7614 | D:7      | Killed Joseph
  7775 | D:7      | Found a hazy altar of Hepliaklqana.
  7869 | D:7      | Reached skill level 5 in Fire Magic
  8386 | D:7      | Found a hide-covered altar of Uskayaw.
  8475 | D:7      | Noticed Maggie
  8480 | D:7      | Killed Maggie
  8481 | D:7      | Reached skill level 10 in Conjurations
  8684 | D:7      | Reached ** piety under Sif Muna
  8685 | D:7      | Reached XP level 10. HP: 50/50 MP: 8/17
  8985 | D:7      | Found an opulent altar of Gozag.
  8991 | D:7      | Found a snail-covered altar of Cheibriados.
  8992 | D:7      | Found a burning altar of Makhleb.
  9381 | D:8      | Noticed a two-headed ogre
  9753 | D:8      | Reached skill level 10 in Air Magic
  9873 | D:8      | Noticed Psyche
  9878 | D:8      | Reached skill level 1 in Evocations
  9975 | D:8      | Killed Psyche
 10147 | D:8      | Noticed Erica
 10169 | D:8      | Killed Erica
 10170 | D:8      | Reached skill level 1 in Armour
 10266 | D:8      | Killed a two-headed ogre
 10399 | D:7      | Reached skill level 5 in Spellcasting
 10399 | D:7      | Reached skill level 11 in Conjurations
 10925 | D:8      | Noticed Grum
 10933 | D:8      | Slain by a wolf

Illustrated notes

Levels and vault maps discovered:
D:1:      dpeg_arrival_radiant, layout_loops_ring, basic_ecumenical_altar
D:2:      layout_rooms, chequers_serial_rivers_micro_b, uniq_terence,
          uniq_sigmund
D:3:      layout_basic, kennysheep_orc_sif_temple,
          nicolae_ru_the_path_less_chosen, minmay_misc_feat_hallway
D:4:      nicolae_cairo_tiling_large, layout_basic, serial_shops, shop,
          kennysheep_generic_room_7
D:5:      layout_gridville, minmay_checkerbox, uniq_blork_the_orc, uniq_grinder
D:6:      layout_basic, temple_green, minivault_24, uniq_edmund
D:7:      layout_basic, kennysheep_little_box, minitemple, uniq_joseph,
          uniq_prince_ribbit1, uniq_maggie
D:8:      layout_loops_corners, kennysheep_ying_yang, minmay_hedge_maze,
          uniq_erica, uniq_grum, uniq_psyche

Skill      XL: |  1  2  3  4  5  6  7  8  9 10 |
---------------+-------------------------------+-----
Conjurations   | 2 3 4 6 8 10 11 | 11.1
Air Magic      | 5 6 7 8 9 10 | 10.4
Spellcasting   | 3 4 5 |  5.0
Fire Magic     | 1 2 3 4 5 6 |  6.0
Summonings     | 1 4 6 7 |  7.9
Invocations    | 2 3 |  3.4
Evocations     | 2 |  2.3
Armour         | 2 |  2.3
Dodging        | |  2.1
Stealth        | |  2.0

Action                     |  1- 3 |  4- 6 |  7- 9 | 10-12 || total
---------------------------+-------+-------+-------+-------++-------
  Melee: Unarmed           |     6 |       |       |       ||     6
         Kick              |     4 |     3 |    32 |    22 ||    61
         Dagger            |     8 |     1 |       |       ||     9
         Peck              |     2 |     4 |    25 |     8 ||    39
         Staff             |       |    18 |    74 |    62 ||   154
         Punch             |       |       |     5 |     1 ||     6
   Cast: Shock             |    65 |    39 |    20 |    16 ||   140
         Static Discharge  |     3 |    15 |    28 |    20 ||    66
         Airstrike         |       |     2 |    64 |    39 ||   105
         Call Canine Famil |       |       |     1 |     3 ||     4
         Scorch            |       |       |       |     1 ||     1
    Use: Potion            |       |       |     1 |     1 ||     2
   Stab: Sleeping          |       |     2 |     2 |       ||     4
 Armour: Robe              |     3 |       |       |       ||     3
         Leather armour    |       |     5 |    38 |       ||    43
         Swamp dragon scal |       |       |       |    45 ||    45
         Skin              |       |       |       |     6 ||     6
  Dodge: Dodged            |    14 |    17 |    73 |    48 ||   152

Table legend: (Time is in decaauts)
 A = Elapsed time spent in this place.
 B = Non-inter-level travel time spent in this place.
 C = Inter-level travel time spent in this place.
 D = Time resting spent in this place.
 E = Time spent auto-exploring this place.
 F = Levels seen in this place.
 G = Mean time per level.
                   A        B        C        D        E       F      G
               +--------+--------+--------+--------+--------+-----+--------+
         Total |  10553 |  10070 |    483 |   1058 |   7290 |   8 | 1319.1 |
       Dungeon |  10553 |  10070 |    483 |   1058 |   7290 |   8 | 1319.1 |
               +--------+--------+--------+--------+--------+-----+--------+

Top non-repeatable levels by time:
     D:6: 1924 daAuts
     D:5: 1688 daAuts
     D:7: 1646 daAuts
     D:8: 1302 daAuts
     D:1: 1214 daAuts
     D:3: 995 daAuts
     D:2: 943 daAuts
     D:4: 840 daAuts
